 Dungeon Crawl Stone Soup version 0.31-a0-196-g86fe4a5e66 (webtiles) character file.

Game seed: 10575913028005880309

67 qw the Shooter (level 3, 0/20 HPs)
             Began as a Deep Elf Hunter on June 24, 2023.
             Succumbed to their own poison gas
             ... on level 2 of the Dungeon.
             The game lasted 00:00:33 (1318 turns).

qw the Shooter (Deep Elf Hunter)                    Turns: 1318, Time: 00:00:34

Health: 0/20       AC: 12    Str: 10    XL:     3   Next: 98%
Magic:  5/5        EV: 26    Int: 13    God:
Gold:   464        SH:  0    Dex: 18    Spells: 2/2 levels left

rFire   . . .        Y - +0 shortbow
rCold   . . .        (shield currently unavailable)
rNeg    . . .        g - +0 ring mail
rPois   .            b - +1 helmet
rElec   .            i - +0 cloak
rCorr   .            (no gloves)
SInv    .            (no boots)
Will    .....        d - amulet of the acrobat
Stlth   +            k - +4 ring of protection
HPRegen 0.23/turn    (no ring)
MPRegen 0.09/turn

%: acrobat
@: lethally poisoned (0 -> -8), acrobatic
A: no striking features
a: no special abilities


You were on level 2 of the Dungeon.
You visited 1 branch of the dungeon, and saw 2 of its levels.

You collected 464 gold pieces.


   Skills:
 - Level 1.5 Fighting
 + Level 7.4 Ranged Weapons
 - Level 2.4 Dodging
 - Level 1.2 Stealth


You had 2 spell levels left.
You didn't know any spells.
Your spell library was empty.

Inventory:

Hand Weapons
 Y - a +0 shortbow (weapon)
Armour
 b - a +1 helmet (worn)
 g - a +0 ring mail (worn)
 i - a +0 cloak (worn)
Jewellery
 d - an amulet of the acrobat (around neck)
 k - a +4 ring of protection (left hand)
Scrolls
 l - a scroll of teleportation
Potions
 c - a potion of curing {unknown}
 f - a potion of enlightenment
 h - a potion of lignification {unknown}

Dungeon Overview and Level Annotations

Branches:
Dungeon (2/15)

Altars:
Elyvilon


Message History

Are you sure you want to cancel this blink?
As you read the scroll labelled SIXOBA IMOWK, it crumbles to dust.
It was a scroll of blinking.
Done exploring.
1311 ||| READING scroll labelled BURHIO FEURA.
The air fills with toxic fumes!
As you read the scroll labelled BURHIO FEURA, it crumbles to dust.
It was a scroll of poison.
Done exploring.
1312 ||| READING scroll labelled YRPHOA ARGHAIL.
This is a scroll of acquirement!
1312 ||| ACQUIRING 321 gold pieces Something appears at your feet!
You now have 464 gold pieces (gained 321).
Done exploring.
(D) Dungeon
Where to? (* - list waypoints, Enter - D:2, ? - help)
What level of the Dungeon? (default 1, ? - help) Sorry, I don't know how to get there.
Enter note:
Enter note:
Enter note:
Enter note:
Enter note:
Enter note:
Enter note:
Enter note:
Enter note: Really walk into that cloud of poison gas?
You are engulfed in poison gas.
You are lethally poisoned!
You feel very sick.
1315 ||| Stepping ~*~*~tactically~*~*~ (cloud).
You feel very sick.
There is a lethal amount of poison in your body!
You feel very sick.
There is a lethal amount of poison in your body!
You feel sick.
There is a lethal amount of poison in your body!
You die...

####...........>..# #
#..¤.¤¤¤###¤#¤0##.# #
#.##¤#¤0###¤#¤¤##.### #
#.##¤#¤0¤0¤¤¤0......# #
######.##.¤00¤¤¤¤#.###.#.#### ##
#.....¤####¤¤0¤¤¤#.##..<.....
.####.#...¤¤¤¤0¤¤¤¤¤.......#.####
....#.#.#.¤0¤¤¤00¤#......#.......
.##.#.#.......##@¤#......#.#.###.
........#.....##¤¤##.._......###.
###.#......#..##¤0##(....#.##.%..
###.###.##..#.##¤¤¤......#.##.##.
....# #....###.¤¤#####...#.##.##.
##########..#.#### #...#......<
#.....# #.#..# #####...####.###
#.....####.##.####............###
#..........##.................#..


There were no monsters in sight!

Vanquished Creatures
  An adder (D:2)
  2 worms (D:2)
  3 dart slugs
  5 ball pythons (D:1)
  2 endoplasms (D:1)
  A giant cockroach (D:2)
  4 goblins
  2 hobgoblins (D:1)
  4 quokkas
  5 bats
  2 frilled lizards (D:2)
  7 kobolds
  7 rats
45 creatures vanquished.

Notes
Turn   | Place    | Note
-------+----------+-------------------------------------------
     0 | D:1      | qw the Deep Elf Hunter began the quest for the Orb.
     0 | D:1      | Reached XP level 1. HP: 12/12 MP: 3/3
     0 | D:1      | 0 ||| qw: Version: 0.3-a-9-g12657ce
     0 | D:1      | 0 ||| qw: Game counter: 4851
     0 | D:1      | 0 ||| qw: Always use a shield: true
     0 | D:1      | 0 ||| qw: God list: Okawaru
     0 | D:1      | 0 ||| qw: Allow faded altars: false
     0 | D:1      | 0 ||| qw: Do Orc after D:15 true
     0 | D:1      | 0 ||| qw: Do second Lair branch before Depths: true
     0 | D:1      | 0 ||| qw: Lair rune preference: random
     0 | D:1      | 0 ||| qw: Plans: Normal
     0 | D:1      | 0 ||| PLANNING D:1-11
    53 | D:1      | Reached XP level 2. HP: 16/16 MP: 4/4
    66 | D:1      | Reached skill level 6 in Ranged Weapons
   399 | D:1      | Reached XP level 3. HP: 20/20 MP: 5/5
   684 | D:1      | 684 ||| UPGRADING to +0 ring mail.
   694 | D:1      | 694 ||| DROPPING +0 leather armour.
   695 | D:1      | 695 ||| UPGRADING to +0 cloak.
   700 | D:1      | 700 ||| UPGRADING to amulet of the acrobat.
   705 | D:1      | 705 ||| UPGRADING to +4 ring of protection.
   706 | D:1      | 706 ||| READING scroll labelled TISOFU SYD FUHU.
   707 | D:1      | 707 ||| READING scroll labelled YFANIKL TUALL.
   710 | D:1      | 710 ||| READING scroll labelled XIXAOZ ELUFIL.
   711 | D:1      | 711 ||| READING scroll labelled UTACLOPEMO.
   712 | D:1      | 712 ||| DRINKING 2 viscous black potions.
   713 | D:1      | 713 ||| DROPPING scroll of butterflies.
   733 | D:2      | Found a white marble altar of Elyvilon.
   775 | D:2      | Reached skill level 7 in Ranged Weapons
  1305 | D:2      | 1305 ||| UPGRADING to +1 helmet.
  1310 | D:2      | 1310 ||| READING scroll labelled SIXOBA IMOWK.
  1311 | D:2      | 1311 ||| READING scroll labelled BURHIO FEURA.
  1312 | D:2      | 1312 ||| READING scroll labelled YRPHOA ARGHAIL.
  1312 | D:2      | Identified a scroll of acquirement
  1312 | D:2      | 1312 ||| ACQUIRING 321 gold pieces
  1312 | D:2      | Acquired 321 gold pieces
  1315 | D:2      | 1315 ||| Stepping ~*~*~tactically~*~*~ (cloud).
  1316 | D:2      | HP: 4/20 [poisoned by you (poison gas)]
  1318 | D:2      | Succumbed to their own poison gas

Levels and vault maps discovered:
D:1:      scummos_arrival_checkerplants, layout_basic
D:2:      layout_loops_cross, basic_altar, mrwooster_statue_mirror

Skill      XL: |  1  2  3 |
---------------+----------+-----
Ranged Weapons | 6 7 |  7.4
Fighting       | |  1.5
Dodging        | |  2.4
Stealth        | |  1.2

Action                     || total
---------------------------++-------
   Fire: Shortbow          ||   111
    Use: Scroll            ||     7
         Potion            ||     1
 Armour: Leather armour    ||     2
         Ring mail         ||     3
  Dodge: Dodged            ||    15

Table legend:
 A = Non-vault XP
 B = Vault XP
 C = Vault XP percentage of total XP
 D = Non-vault monster count
 E = Vault monster count
 F = Vault count percentage of total count
                 A         B        C        D         E       F
            +---------+---------+-------+---------+---------+-------
      Total |      96 |       0 |   0.0 |      45 |       0 |   0.0
            +---------+---------+-------+---------+---------+-------
        D:1 |      47 |       0 |   0.0 |      27 |       0 |   0.0
        D:2 |      49 |       0 |   0.0 |      18 |       0 |   0.0
            +---------+---------+-------+---------+---------+-------
